 Dungeon Crawl Stone Soup version 0.31-a0-175-g9f7f995f2b (webtiles) character file.

Game seed: 9296731344163103587

1244 Zonian the Trooper (level 8, 0/44 HPs)
             Began as a Vine Stalker Gladiator on June 17, 2023.
             Was an Initiate of Ashenzari.
             Slain by an orc warrior
             ... wielding a +0 hand axe
              (10 damage)
             ... on level 6 of the Dungeon.
             The game lasted 00:08:36 (4707 turns).

Zonian the Trooper (Vine Stalker Gladiator)         Turns: 4707, Time: 00:08:37

Health: 0/44       AC:  4    Str: 18    XL:     8   Next: 50%
Magic:  0/9        EV: 13    Int: 13    God:    Ashenzari [......]
Gold:   140        SH:  0    Dex: 26    Spells: 7/7 levels left

rFire   . . .        x - +7 war axe of Terror {speed, Int+5 Dex+3}
rCold   . . .        (no shield)
rNeg    + . .        a - +0 leather armour
rPois   .            b - +0 helmet
rElec   .            (no cloak)
rCorr   .            (no gloves)
SInv    .            (no boots)
Will    +....        (no amulet)
Stlth   +++          g - ring of positive energy
HPRegen 1.07/turn    h - +6 ring of dexterity
MPRegen 0.11/turn

%: guardian spirit
@: weakened
A: fangs 3, regeneration 1, magic shield, antimagic bite, no potion heal 2
a: Renounce Religion


You were on level 6 of the Dungeon.
You worshipped Ashenzari.
Ashenzari was noncommittal.
You visited 2 branches of the dungeon, and saw 7 of its levels.
You also visited: Sewer.

You collected 236 gold pieces.
You spent 96 gold pieces at shops.

Inventory:

Hand Weapons
 u - a +1 dagger of venom
 x - the +7 war axe of Terror (weapon) {speed, Int+5 Dex+3}
   (You found it on level 3 of the Dungeon)

   Int:       It affects your intelligence (+5).
   Dex:       It affects your dexterity (+3).
Missiles
 c - 4 throwing nets (quivered)
 d - a javelin
 q - 3 boomerangs
 A - 3 boomerangs of dispersal
 G - 12 poisoned darts
 H - 2 curare-tipped darts
Armour
 a - a +0 leather armour (worn)
 b - a +0 helmet (worn)
Jewellery
 g - a ring of positive energy (left hand)
 h - a +6 ring of dexterity (right hand)
 m - an amulet of faith
 r - a ring of positive energy
 y - a ring of magical power
Wands
 t - a wand of mindburst (19)
Scrolls
 e - 4 scrolls of teleportation
 i - 4 scrolls of poison {unknown}
 j - 7 scrolls of identify {unknown}
 o - 3 scrolls of immolation {unknown}
 p - a scroll of enchant armour {unknown}
 v - a scroll of vulnerability {unknown}
 w - 2 scrolls of fog {unknown}
 z - a scroll of revelation {unknown}
 D - 3 scrolls of blinking {unknown}
 F - a scroll of enchant weapon {unknown}
 I - a scroll of summoning {unknown}
 J - a scroll of fear {unknown}
Potions
 f - a potion of invisibility {unknown}
 k - 4 potions of curing {unknown}
 l - 3 potions of mutation {unknown}
 n - a potion of heal wounds {unknown}
 s - a potion of haste {unknown}
 B - a potion of enlightenment {unknown}
 C - a potion of attraction {unknown}
 E - 2 potions of magic {unknown}


   Skills:
 + Level 6.1 Fighting
 + Level 4.4 Axes
 - Level 2.0 Throwing
 - Level 2.5 Dodging
 - Level 4.5 Stealth
 - Level 4.8 Unarmed Combat


You had 7 spell levels left.
You didn't know any spells.
Your spell library contained the following spells:

 Spells                   Type           Power      Damage    Failure   Level
 Ozocubu's Armour         Ice            0%         N/A       73%         3
 Metabolic Englaciation   Hex/Ice        0%         N/A       100%        5
 Simulacrum               Ice/Necr       0%         N/A       100%        6


Dungeon Overview and Level Annotations

Branches:
Dungeon (6/15)             Temple (1/1) D:5           Sewer (visited)

Altars:
Ashenzari
Cheibriados
Elyvilon
Okawaru
Sif Muna

Shops:
D:1 ?   D:3 *


Innate Abilities, Weirdness & Mutations

You have razor-sharp teeth.
Your natural rate of healing is unusually fast.
When hurt, damage is shared between your health and your magic reserves.
Your bite disrupts and absorbs the magic of your enemies.
Potions cannot restore your health.


Message History

You start waiting.
Done waiting.
You start waiting.
Done waiting.
Unknown command.
You climb downwards.
The orc warrior hits you with a +0 hand axe!
The gnoll bouda gazes fiercely through you!
You feel your attacks grow feeble. The gnoll bouda closely misses you.
The orc warrior hits you with a +0 hand axe!
There is a stone staircase leading up, spattered with blood here.
You hit the orc warrior.
You punch the orc warrior, but do no damage.
Your bite misses the orc warrior.
The orc warrior is moderately wounded.
You barely miss the gnoll bouda. The gnoll bouda closely misses you.
The orc warrior hits you with a +0 hand axe!
Unknown command.
You hit the orc warrior but do no damage.
You bite the orc warrior. You drain its power.
You feel invigorated.
The orc warrior is moderately wounded.
You barely miss the gnoll bouda.
The gnoll bouda hits you with a +0 whip!
* * * LOW HITPOINT WARNING * * *
The orc warrior hits you with a +0 hand axe.
* * * LOW HITPOINT WARNING * * *
You closely miss the orc warrior. Your bite misses the orc warrior.
The orc warrior is moderately wounded.
You hit the gnoll bouda.
Unknown command.
You closely miss the orc warrior.
The orc warrior is moderately wounded.
You hit the gnoll bouda.
The gnoll bouda gazes fiercely through you!
You feel as though you will be weak longer.
The gnoll bouda hits you with a +0 whip.
* * * LOW HITPOINT WARNING * * *
The orc warrior hits you with a +0 hand axe!
You die...

#.....## #....##
##...#######.
##.........#
#...)###### ..
#..### #.# #..#
.... #..# #.8 #.@##
... #o.g#######.#
#..#####.....g†...#
#..........###.###
##.........#.....#
########..#.....#
#..........
##.#.....#..
#.#.....#....


You could see an orc warrior and a gnoll bouda.

Vanquished Creatures
  A water moccasin (D:5)
  An ice beast (D:3)
  An ogre (D:5)
  A centaur (D:6)
  A phantom (D:5)
  4 kobold brigands (Sewer)
  A scorpion (D:5)
  3 hounds
  2 jellies
  An iguana (D:6)
  Robin (D:3)
  8 gnolls
  10 adders
  2 river rats (Sewer)
  A worm (D:2)
  2 dart slugs
  4 orcs
  9 endoplasms
  5 giant cockroaches
  14 goblins
  7 hobgoblins
  A jackal (D:2)
  6 quokkas
  8 ball pythons
  14 bats
  5 frilled lizards
  9 kobolds
  4 rats
126 creatures vanquished.

Notes
Turn   | Place    | Note
-------+----------+-------------------------------------------
     0 | D:1      | Zonian the Vine Stalker Gladiator began the quest for the
                  | Orb.
     0 | D:1      | Reached XP level 1. HP: 11/11 MP: 2/2
    31 | D:1      | Found a faded altar of an unknown god.
   195 | D:1      | Reached XP level 2. HP: 15/15 MP: 1/3
   201 | D:1      | Reached skill level 2 in Fighting
   240 | D:1      | Found Uckuupli's Magic Scroll Shoppe.
   625 | D:1      | Reached skill level 1 in Stealth
   668 | D:1      | Reached XP level 3. HP: 17/18 MP: 4/4
   885 | D:2      | Found a snail-covered altar of Cheibriados.
  1287 | D:2      | Gained mutation: Your natural rate of healing is unusually
                  | fast. [Vine Stalker growth]
  1287 | D:2      | Reached XP level 4. HP: 23/23 MP: 5/5
  2000 | D:3      | Noticed an ice beast
  2092 | D:3      | Killed an ice beast
  2093 | D:3      | Reached skill level 3 in Fighting
  2093 | D:3      | Reached XP level 5. HP: 10/28 MP: 2/6
  2109 | D:3      | Found Hyrrer's Assorted Antiques.
  2140 | D:3      | Bought a scroll labelled MODWASTR KECE for 32 gold pieces
  2140 | D:3      | Bought a scroll labelled RAPAAF FOLIFUSH for 32 gold pieces
  2140 | D:3      | Bought a scroll labelled BOMPIC CORPHIA for 32 gold pieces
  2261 | D:3      | Identified the +7 war axe of Terror {speed, Int+5 Dex+3}
  2332 | D:3      | Noticed Robin
  2344 | D:3      | Killed Robin
  2457 | D:3      | Reached XP level 6. HP: 32/32 MP: 7/7
  3007 | D:5      | Entered Level 5 of the Dungeon
  3054 | D:5      | Noticed a water moccasin
  3059 | D:5      | Killed a water moccasin
  3149 | D:5      | Found a glowing drain.
  3160 | D:5      | Reached skill level 4 in Fighting
  3162 | Sewer    | Entered a sewer
  3233 | Sewer    | Reached skill level 1 in Axes
  3233 | Sewer    | Reached XP level 7. HP: 19/37 MP: 2/8
  3659 | D:5      | Reached skill level 5 in Fighting
  3829 | D:5      | Gained mutation: You have razor-sharp teeth. [Vine Stalker
                  | growth]
  3829 | D:5      | Reached XP level 8. HP: 40/44 MP: 7/9
  4005 | D:5      | Found a staircase to the Ecumenical Temple.
  4170 | Temple   | Entered the Ecumenical Temple
  4183 | Temple   | Became a worshipper of Ashenzari the Shackled
  4449 | D:6      | Reached skill level 6 in Fighting
  4707 | D:6      | Slain by an orc warrior

Illustrated notes

Levels and vault maps discovered:
D:1:      lemuel_arrival_funnel, layout_loops_ring, serial_shops,
          nicolae_square_shop, chequers_ecumenical_altar_island,
          nicolae_hexahallways
D:2:      layout_loops_corners, basic_altar, serial_bayou_pond_c,
          chequers_serial_rivers_room_b, minmay_increasing_density
D:3:      layout_rooms, serial_shops, shop, chequers_serial_rivers_room_b,
          uniq_robin
D:4:      layout_basic, roderic_batcave
D:5:      layout_loops_ring, minmay_temple_entry_offerings, portal_sewer_entry_f
D:6:      layout_layer_cave, minmay_chambers_of_fives
Temple:   nicolae_temple_superstar

Skill      XL: |  1  2  3  4  5  6  7  8 |
---------------+-------------------------+-----
Throwing       | 2 |  2.0
Fighting       | 2 3 4 5 6 |  6.1
Stealth        | 1 3 4 |  4.5
Unarmed Combat | 4 |  4.8
Axes           | 1 3 4 |  4.4
Dodging        | |  2.5

Action                     |  1- 3 |  4- 6 |  7- 9 || total
---------------------------+-------+-------+-------++-------
  Melee: Unarmed           |    83 |    65 |       ||   148
         Bite              |    20 |    40 |    18 ||    78
         Punch             |     2 |     3 |     7 ||    12
         War axe           |       |    84 |    70 ||   154
  Throw: Throwing net      |       |     3 |       ||     3
    Use: Scroll            |       |     1 |       ||     1
   Stab: Sleeping          |     6 |     4 |     3 ||    13
 Armour: Leather armour    |    25 |    30 |     9 ||    64
  Dodge: Dodged            |    45 |    80 |    38 ||   163

Table legend: (Time is in decaauts)
 A = Elapsed time spent in this place.
 B = Non-inter-level travel time spent in this place.
 C = Inter-level travel time spent in this place.
 D = Time resting spent in this place.
 E = Time spent auto-exploring this place.
 F = Levels seen in this place.
 G = Mean time per level.
                   A        B        C        D        E       F      G
               +--------+--------+--------+--------+--------+-----+--------+
         Total |   4783 |   4604 |    179 |    684 |   2906 |   8 |  597.9 |
       Dungeon |   4230 |   4065 |    165 |    552 |   2702 |   6 |  705.0 |
        Temple |     26 |     13 |     13 |      0 |      0 |   1 |   26.0 |
         Sewer |    526 |    526 |      0 |    132 |    203 |   1 |  526.0 |
               +--------+--------+--------+--------+--------+-----+--------+

Top non-repeatable levels by time:
     D:2: 1191 daAuts
     D:5: 1009 daAuts
     D:1: 842 daAuts
   Sewer: 526 daAuts
     D:4: 496 daAuts
     D:3: 480 daAuts
     D:6: 209 daAuts
  Temple: 26 daAuts
